Map: Kairos Junction LE

Players

Spazymazy - Winner!

  • Race: Zerg Zerg
  • Spawn Location: 11:00

BraneloB

  • Race: Zerg Zerg
  • Spawn Location: 5:00

Event: 2019 WCS Summer

VOD

Have the link to the VOD?

Description

Time

  • Played on: July 12, 2019, 9:25 a.m.
  • Length: 5:47

All games in this series

Show
View Real Time Build Order
Export as new Build Order

Spazymazy Zerg - Winner!

Build Orders: Pool First 

Get SALT Encoding   

  12  0:17  Spawning Pool  
  11  0:21  Drone  
  11  0:26  Drone  
  13  0:31  Drone  
  14  0:40  Overlord  
  14  1:03  Zergling x4  
  16  1:05  Zergling x2  
  17  1:15  Zergling x2  
  18  1:19  Hatchery  
  17  1:26  Zergling x2  
  18  1:33  Queen  
  18  1:38  Drone  
  21  1:47  Overlord  
  21  2:03  Drone  
  19  2:09  Queen  
  19  2:14  Drone  
  21  2:23  Drone  
  22  2:35  Queen  
  23  2:38  Spine Crawler  
  23  2:43  Drone  
  23  2:44  Drone  
  24  2:45  Queen  
  24  2:50  Zergling x2  
  24  2:51  Zergling x2  
  28  2:54  Drone  
  29  3:02  Zergling x4  
  31  3:11  Queen  
  33  3:18  Spine Crawler  
  33  3:19  Overlord  
  30  3:28  Overlord  
  28  3:38  Zergling x8  
  28  3:41  Zergling x2  
  23  3:57  Queen  
  23  3:59  Drone x2  
  27  4:08  Queen  
  29  4:14  Drone x2  
  31  4:20  Drone  
  28  4:25  Zergling x4  
  30  4:33  Zergling x6  
  30  4:36  Zergling x2  
  34  4:43  Spine Crawler  
  31  4:53  Queen  
  31  4:55  Zergling x2  
  31  5:02  Queen  
  33  5:10  Drone x2  
  35  5:14  Zergling x4  
  33  5:22  Zergling x4  
Show
View Real Time Build Order
Export as new Build Order

BraneloB Zerg 

Build Orders: Pool First, Zergling Baneling 

Get SALT Encoding   

  12  0:01  Drone  
  13  0:12  Overlord  
  13  0:16  Drone  
  14  0:30  Drone x2  
  14  0:34  Drone  
  17  0:44  Drone  
  17  0:45  Extractor  
  17  0:50  Spawning Pool  
  17  0:56  Drone  
  17  1:16  Hatchery  
  16  1:36  Queen  
  16  1:37  Zergling x6  
  21  1:45  Metabolic Boost  
  21  1:48  Zergling x2  
  19  2:13  Zergling x4  
  20  2:17  Baneling Nest  
  19  2:25  Zergling x2  
  19  2:28  Zergling x2  
  20  2:32  Zergling x2  
  20  2:39  Zergling x2  
  20  2:43  Zergling x2  
  22  2:46  Zergling x4  
  22  2:47  Zergling x2  
  25  2:52  Zergling x2  
  25  2:56  Zergling x2  
  27  3:01  Baneling x2  
  27  3:03  Baneling  
  27  3:05  Baneling  
  27  3:16  Baneling  
  27  3:18  Zergling x2  
  28  3:20  Overlord  
  22  3:36  Zergling x6  
  22  3:41  Zergling x4  
  22  3:49  Zergling x2  
  22  3:50  Zergling x2  
  23  3:57  Zergling x2  
  23  4:05  Baneling x2, Zergling x2  
  23  4:07  Zergling x2  
  26  4:17  Zergling x4  
  26  4:25  Zergling x4  
  26  4:27  Baneling  
  28  4:31  Zergling x2  
  28  4:35  Zergling x2  
  26  4:41  Zergling x2  
  27  4:51  Zergling x4  
  28  4:55  Zergling x2  
  23  5:01  Baneling x2  
  23  5:07  Zergling x2  
  23  5:10  Zergling x2  
  24  5:17  Baneling  
  24  5:18  Baneling  
  23  5:25  Zergling x4  
  25  5:29  Baneling  
  25  5:32  Baneling  
Tags
 
Add a new tag
Caveats
  • Supply blocks, unpowered buildings, or Contaminate may cause inaccurate times.
  • Supply counts are checked every 10 seconds.